 Dungeon Crawl Stone Soup version 0.21.1-1-g345015fe64 (webtiles) character file.

7560 Htamos the Spear-Bearer (level 11, -1/89 HPs)
             Began as a Merfolk Gladiator on July 8, 2018.
             Slain by a death yak (23 damage)
             ... on level 8 of the Dungeon.
             The game lasted 00:33:51 (11516 turns).

Htamos the Spear-Bearer (Merfolk Gladiator)        Turns: 11516, Time: 00:33:52

Health: -1/89      AC: 15    Str: 16    XL:     11   Next: 17%
Magic:  11/11      EV: 10    Int: 10    God:
Gold:   484        SH:  3    Dex: 15    Spells: 9/10 levels left

rFire    . . .     SeeInvis .   a - +0 trident
rCold    . . .     Gourm    .   u - +0 buckler
rNeg     . . .     Faith    .   r - +0 chain mail
rPois    .         Spirit   .   c - +1 helmet
rElec    .         Reflect  .   w - +1 cloak {MR+}
rCorr    +         Harm     .   v - +1 pair of gloves
MR       +....                  (no boots)
Stlth    +.........             x - amulet of rage
HPRegen  0.24/turn              D - ring of resist corrosion
MPRegen  0.12/turn              i - +1 ring of protection

@: lethally poisoned (-1 -> -1), berserk cooldown, slowed, very slow
A: change form in water, swift swim, stealthy swim
a: Evoke Berserk Rage


You were on level 8 of the Dungeon.
You were very hungry.

You visited 1 branch of the dungeon, and saw 9 of its levels.

You collected 484 gold pieces.

Inventory:

Hand Weapons
 a - a +0 trident (weapon)
 E - a +3 scimitar of flaming
Missiles
 d - 4 throwing nets (quivered)
 t - 43 arrows
 I - 21 sling bullets
Armour
 b - a +0 leather armour
 c - a +1 helmet (worn)
 e - a +0 ring mail
 o - a +0 pair of gloves
 r - a +0 chain mail (worn)
 u - a +0 buckler (worn)
 v - a +1 pair of gloves (worn)
 w - a +1 cloak of magic resistance (worn)
Magical Staves
 H - an uncursed staff of death
Jewellery
 i - a +1 ring of protection (right hand)
 x - an amulet of rage (around neck)
 B - an uncursed ring of ice
 D - a ring of resist corrosion (left hand)
Wands
 g - a wand of paralysis (13)
 s - a wand of disintegration (9)
 A - a wand of acid (9)
 C - a wand of digging (10)
 J - a wand of polymorph (14)
 K - a wand of scattershot (6)
Scrolls
 h - 15 scrolls of remove curse
 k - 5 scrolls of identify
 l - 2 scrolls of enchant armour
 m - 6 scrolls of fear
 q - a scroll of amnesia
 z - 3 scrolls of teleportation
Potions
 j - 4 potions of cancellation
 p - 2 potions of invisibility {unknown}
 F - a potion of degeneration {unknown}
 G - a potion of agility
 M - a potion of lignification {unknown}
 N - a potion of resistance
Books
 n - Sif Muna's Almanac of Transmutation
   (You found it on level 4 of the Dungeon)

   Spells                             Type                      Level
   a - Beastly Appendage              Transmutation                1
 y - a book of Conjurations

   Spells                             Type                      Level
   a - Magic Dart                     Conjuration                  1
   b - Searing Ray                    Conjuration                  2
   c - Dazzling Spray                 Conjuration/Hexes            3
   d - Fulminant Prism                Conjuration/Hexes            4
   e - Force Lance                    Conjuration/Translocation    4
   f - Iskenderun's Mystic Blast      Conjuration                  4
Comestibles
 f - 14 rations


   Skills:
 + Level 9.1 Fighting
 - Level 14.0 Polearms
 - Level 2.0 Throwing
 * Level 9.4 Dodging
 * Level 7.5 Stealth
 * Level 5.1 Conjurations
 - Level 0.8 Evocations


You had 9 spell levels left.
You knew the following spells:

 Your Spells              Type           Power        Failure   Level  Hunger
a - Magic Dart            Conj           ##..         86%         1    ##.....


Dungeon Overview and Level Annotations

Branches:
Dungeon (9/15)             Temple (0/1) D:6            Lair (0/6) D:9
    Orc: D:9-12

Altars:
Cheibriados
Gozag
Hepliaklqana
Makhleb
Sif Muna
Trog
Uskayaw
Xom
Zin

Shops:
D:7 :


Message History

You hit the death yak but do no damage.
The death yak is moderately wounded.
You puncture the death yak!
The death yak is heavily wounded.
You are no longer berserk.
You are exhausted.
You feel yourself slow down. The death yak gores you.
You puncture the death yak!
The death yak is heavily wounded.
You feel sick.
The death yak gores you but does no damage.
You hit the death yak.
The death yak is heavily wounded.
The death yak gores you!
You feel sick. The death yak gores you!
* * * LOW HITPOINT WARNING * * *
You feel sick.
You feel sick. The death yak gores you!!
You die...

####...#
#########
.....###
#.......#
####.###
#.#####.#
.......# #.#
#.# ######
##.###.# #.#
#.# #..... #.#
#.###.# #.#
#.####
##'###..##.#
#.# #.#
##_').[.##.#
#.# #.#
##'###[[##.#
#@#### #.# #.#
#[[...# #.Y..#
#.#
##.###..####
####.########.#
........#
#...>......#
#.......#
############
#########


You could see a death yak.

Vanquished Creatures
  A two-headed ogre (D:7)
  2 death yaks (D:8)
  Erica (D:8)
  Joseph (D:8)
  A gargoyle (D:8)
  The ghost of letownia the Insei, an amateur DsFi (D:5)
  A hippogriff (D:8)
  A centaur simulacrum (D:8)
  A spriggan (D:7)
  A hungry ghost (D:7)
  A harpy simulacrum (D:8)
  A porcupine (D:9)
  3 sky beasts
  5 ice beasts
  An orc warrior (D:8)
  A phantom (D:4)
  An ogre (D:8)
  7 bullfrogs
  4 scorpions
  6 killer bees (D:8)
  4 howler monkeys
  3 wights (D:7)
  A centaur zombie (D:5)
  A quasit (D:7)
  A bullfrog zombie (D:8)
  2 hounds
  A bullfrog skeleton (D:7)
  7 orc priests
  A jelly (D:8)
  10 orc wizards
  A centaur skeleton (D:5)
  2 iguanas
  7 worker ants
  7 adders
  2 river rats
  2 adder skeletons
  2 worms
  3 dart slugs
  6 leopard geckos
  46 orcs
  5 giant cockroaches
  3 goblins
  11 hobgoblins
  8 jackals
  5 quokkas
  A ball python (D:3)
  10 bats
  3 frilled lizards
  7 kobolds
  A quokka zombie (D:6)
  5 rats
209 creatures vanquished.

Vanquished Creatures (collateral kills)
  An ice beast (D:8)
1 creature vanquished.

Grand Total: 210 creatures vanquished

Notes
Turn   | Place    | Note
-------+----------+-------------------------------------------
     0 | D:1      | Htamos the Merfolk Gladiator began the quest for the Orb.
     0 | D:1      | Reached XP level 1. HP: 16/16 MP: 1/1
    73 | D:1      | Reached skill level 5 in Polearms
   423 | D:1      | Reached XP level 2. HP: 22/22 MP: 2/2
   663 | D:1      | Reached XP level 3. HP: 27/27 MP: 3/3
   665 | D:1      | Reached skill level 6 in Polearms
  1197 | D:2      | Found a faded altar of an unknown god.
  1919 | D:3      | Reached XP level 4. HP: 32/33 MP: 4/4
  1932 | D:3      | Reached skill level 7 in Polearms
  2681 | D:3      | Reached skill level 8 in Polearms
  2681 | D:3      | Reached XP level 5. HP: 38/38 MP: 5/5
  3206 | D:4      | Reached skill level 9 in Polearms
  3220 | D:4      | Reached XP level 6. HP: 14/44 MP: 6/6
  3223 | D:4      | Noticed a phantom
  3488 | D:4      | Killed a phantom
  3488 | D:4      | Reached skill level 10 in Polearms
  3584 | D:4      | Found a shimmering altar of Xom.
  3586 | D:4      | Found a shimmering altar of Xom.
  3587 | D:4      | Found a shimmering altar of Xom.
  3587 | D:4      | Found a shimmering altar of Xom.
  3587 | D:4      | Found a shimmering altar of Xom.
  3608 | D:4      | Reached XP level 7. HP: 34/50 MP: 7/7
  3625 | D:4      | Found a shimmering altar of Xom.
  3631 | D:4      | Found a shimmering altar of Xom.
  3756 | D:4      | Found a deep blue altar of Sif Muna.
  3771 | D:4      | Reached skill level 11 in Polearms
  3902 | D:4      | Identified Sif Muna's Almanac of Transmutation
  4247 | D:5      | Entered Level 5 of the Dungeon
  4412 | D:5      | Reached skill level 12 in Polearms
  4499 | D:5      | Learned a level 1 spell: Magic Dart
  4524 | D:5      | Noticed letownia's ghost (amateur DsFi)
  4781 | D:5      | Reached XP level 8. HP: 56/56 MP: 8/8
  4917 | D:5      | Found a snail-covered altar of Cheibriados.
  4917 | D:5      | Found a burning altar of Makhleb.
  4917 | D:5      | Found a hide-covered altar of Uskayaw.
  5079 | D:5      | Killed letownia's ghost
  5079 | D:5      | Reached skill level 13 in Polearms
  5353 | D:5      | Found a glowing silver altar of Zin.
  5356 | D:5      | Found an opulent altar of Gozag.
  5560 | D:6      | Reached skill level 14 in Polearms
  5958 | D:6      | Reached skill level 1 in Stealth
  5995 | D:6      | Found a hazy altar of Hepliaklqana.
  6019 | D:6      | Found a staircase to the Ecumenical Temple.
  6106 | D:6      | You fall through a shaft!
  6323 | D:6      | Reached skill level 1 in Conjurations
  6628 | D:6      | Reached skill level 5 in Dodging
  6690 | D:7      | Found Dal Tir's Book Shoppe.
  6706 | D:7      | Reached XP level 9. HP: 64/64 MP: 9/9
  7260 | D:7      | Noticed a two-headed ogre
  7977 | D:8      | Noticed Erica
  8220 | D:8      | Killed Erica
  8220 | D:8      | Reached skill level 5 in Fighting
  8220 | D:8      | Reached skill level 5 in Stealth
  8414 | D:8      | Found a transporter.
  8466 | D:8      | Reached XP level 10. HP: 76/76 MP: 10/10
  8489 | D:8      | Found a bloodstained altar of Trog.
  8947 | D:7      | Killed a two-headed ogre
  9034 | D:8      | Noticed Joseph
  9060 | D:8      | Killed Joseph
  9330 | D:8      | Noticed a gargoyle
  9341 | D:8      | Killed a gargoyle
 10041 | D:8      | Found a transporter.
 10785 | D:9      | Noticed a death yak
 10980 | D:8      | Killed a death yak
 10980 | D:8      | Reached skill level 5 in Conjurations
 10980 | D:8      | Reached XP level 11. HP: 83/87 MP: 11/11
 11200 | D:9      | Found a staircase to the Lair.
 11202 | D:9      | Noticed a death yak
 11203 | D:9      | Noticed a death yak
 11347 | D:8      | Killed a death yak
 11516 | D:8      | Slain by a death yak

Skill      XL: |  1  2  3  4  5  6  7  8  9 10 11 |
---------------+----------------------------------+-----
Polearms       | 5 6 8 9 10 12 14 | 14.0
Stealth        | 2 5 7 |  7.5
Conjurations   | 1 3 5 |  5.1
Fighting       | 3 5 8 9 |  9.1
Dodging        | 5 7 9 |  9.4
Throwing       | |  2.0
Evocations     | |  0.8

Action                   |  1- 3 |  4- 6 |  7- 9 | 10-12 || total
-------------------------+-------+-------+-------+-------++-------
Melee: Trident           |   137 |   228 |   504 |   367 ||  1236
       Staff             |       |       |       |    30 ||    30
 Abil: Evoke Berserk Rag |       |       |       |     5 ||     5
Evoke: Wand              |       |       |     2 |       ||     2
  Use: Potion            |     1 |       |     2 |     3 ||     6
       Scroll            |       |     9 |     3 |     3 ||    15
 Stab: Distracted        |       |       |       |     1 ||     1
  Eat: Chunk             |     3 |     6 |     9 |     8 ||    26
       Ration            |       |       |     3 |     2 ||     5
Armor: Leather armour    |     1 |       |       |       ||     1
       Ring mail         |    27 |    24 |       |       ||    51
       Chain mail        |       |    42 |   188 |   149 ||   379
       Skin              |       |     2 |       |       ||     2
Dodge: Dodged            |    73 |    86 |   100 |   149 ||   408
Block: Buckler           |       |     3 |    48 |    53 ||   104
